[Event "Titled Tuesday Blitz August 16 Late 2022"]
[White "Pakleza, Zbigniew"]
[Black "Grischuk, Alexander"]
[WhiteFideId "1119290"]
[BlackFideId "4126025"]
[WhiteElo "2411"]
[BlackElo "2762"]
[Result "0-1"]
[Round "05"]
[TimeControl "180+1"]
[Date "2022.08.16"]
[WhiteClock "0:00:01"]
[BlackClock "0:00:04"]

1. d4 Nf6 2. Nf3 d5 3. Bf4 c5 4. c3 Qb6 5. Qb3 Nc6 6. Nbd2 cxd4 7. Qxb6 axb6 8. Nxd4 Nxd4 9. cxd4 e6 10. e3 Bd7 11. Bd3 Bc6 12. Ke2 Nh5 13. Be5 f6 14. Bc7 g6 15. Bxb6 Bd6 16. g3 e5 17. Rhc1 e4 18. Bc2 f5 19. Bc5 Bc7 20. a4 g5 21. b4 f4 22. Bb3 Nf6 23. b5 Bd7 24. Be7 f3+ 25. Ke1 Kxe7 26. Rxc7 b6 27. Rac1 Kd6 28. Rb7 Rhb8 29. Rcc7 Be8 30. Rg7 Rxb7 31. Rxb7 Nd7 32. Nb1 Bf7 33. Nc3 Be6 34. Kd2 h5 35. Kc2 h4 36. Kb2 hxg3 37. hxg3 Rh8 38. Ra7 Rh2 39. Nd1 Nf6 40. a5 bxa5 41. Ra6+ Ke7 42. b6 Bc8 43. b7 Bxb7 44. Ra7 Ng4 45. Rxb7+ Kd6 46. Rb6+ Kc7 47. Rg6 Nxf2 48. Nxf2 Rxf2+ 49. Kc3 Re2 50. Bxd5 Rxe3+ 51. Kd2 Rd3+ 52. Ke1 Rxd4 53. Bf7 e3 54. Rf6 g4 55. Bh5 e2 56. Kf2 Rd1 57. Rf7+ Kd6 58. Rxf3 gxf3 59. Kxf3 e1=Q 0-1


[Site "https://www.chess.com"]

[Event "Titled Tuesday Blitz August 16 Late 2022"]
[White "Petrovic, Aleksa"]
[Black "Prieto Aranguren, Alain"]
[WhiteFideId "967629"]
[BlackFideId "2268906"]
[WhiteElo "2262"]
[BlackElo "2224"]
[Result "1-0"]
[Round "05"]
[TimeControl "180+1"]
[Date "2022.08.18"]
[WhiteClock "0:00:00"]
[BlackClock "0:00:00"]

1. d4 d6 2. Nf3 b6 3. g3 Bb7 4. Bg2 h5 5. O-O h4 6. Nxh4 Bxg2 7. Nxg2 Qc8 8. h4 Qh3 9. Qd3 e5 10. dxe5 dxe5 11. Qe4 c6 12. Qxe5+ Be7 13. Nc3 Nd7 14. Qc7 Ngf6 15. Nf4 Qg4 16. Qxc6 O-O 17. Qf3 Qf5 18. e4 Qa5 19. Nfd5 Bd6 20. Bf4 Ne5 21. Bxe5 Bxe5 22. Ne7+ Kh8 23. Ncd5 Rfd8 24. Nxf6 gxf6 25. Nf5 Kg8 26. Qh5 Kf8 27. Qh8# 1-0


[Site "https://www.chess.com"]

[Event "Titled Tuesday Blitz August 16 Late 2022"]
[White "Pinheiro, Iung Alicio de O."]
[Black "Jorajuria Mendoza, Algol"]
[WhiteFideId "2104350"]
[BlackFideId "5128897"]
[WhiteElo "2283"]
[BlackElo "1600"]
[Result "1-0"]
[Round "05"]
[TimeControl "180+1"]
[Date "2022.08.16"]
[WhiteClock "0:00:25"]
[BlackClock "0:00:06"]

1. e4 c5 2. Nf3 Nc6 3. c3 Nf6 4. e5 Nd5 5. Bc4 Nb6 6. Bb3 d5 7. exd6 Qxd6 8. O-O Be6 9. d4 Bxb3 10. axb3 cxd4 11. Na3 a6 12. Qe2 e6 13. Rd1 Be7 14. Nxd4 Qc7 15. Nc4 O-O 16. Nxc6 Qxc6 17. Ne5 Qc7 18. Bf4 Nd5 19. g3 Nxf4 20. gxf4 Rad8 21. Qe4 Bf6 22. b4 g6 23. Qe2 Rxd1+ 24. Rxd1 Rd8 25. Rxd8+ Qxd8 26. Qf3 Qe7 27. Qd3 h5 28. Nc4 Kg7 29. Qd6 Qxd6 30. Nxd6 b6 31. Ne8+ 1-0


[Site "https://www.chess.com"]

[Event "Titled Tuesday Blitz August 16 Late 2022"]
[White "Potapova, Margarita"]
[Black "Thiel, Thomas"]
[WhiteFideId "14126869"]
[BlackFideId "4615964"]
[WhiteElo "2225"]
[BlackElo "2230"]
[Result "1-0"]
[Round "05"]
[TimeControl "180+1"]
[Date "2022.08.18"]
[WhiteClock "0:00:00"]
[BlackClock "0:00:00"]

1. e4 d5 2. exd5 Nf6 3. d4 Nxd5 4. Nf3 g6 5. Bc4 Bg7 6. O-O O-O 7. c3 Nc6 8. Re1 Nb6 9. Bb3 Re8 10. Ng5 e6 11. a4 a5 12. Na3 h6 13. Ne4 e5 14. Qf3 Rf8 15. d5 Ne7 16. Nf6+ Bxf6 17. Qxf6 Nexd5 18. Qxe5 Kh7 19. Bd2 Bf5 20. Rad1 Re8 21. Qg3 Qd6 22. Qxd6 cxd6 23. Nb5 Rxe1+ 24. Rxe1 Rd8 25. h3 Bd3 26. Nd4 Kg7 27. Kh2 Nc4 28. Bc1 g5 29. Rd1 Bg6 30. Bxc4 1-0


[Site "https://www.chess.com"]

[Event "Titled Tuesday Blitz August 16 Late 2022"]
[White "Pourkashiyan, Atousa"]
[Black "Lagowski, Patryk"]
[WhiteFideId "12502014"]
[BlackFideId "1114611"]
[WhiteElo "2247"]
[BlackElo "2274"]
[Result "1-0"]
[Round "05"]
[TimeControl "180+1"]
[Date "2022.08.18"]
[WhiteClock "0:00:00"]
[BlackClock "0:00:00"]

1. e4 c5 2. Nf3 d6 3. d4 cxd4 4. Nxd4 Nf6 5. Nc3 a6 6. Bc4 e6 7. O-O Nbd7 8. Bxe6 fxe6 9. Nxe6 Qa5 10. Nd5 Nxd5 11. exd5 Ne5 12. Bf4 Bxe6 13. dxe6 O-O-O 14. Re1 Be7 15. c3 Nc6 16. b4 Qf5 17. Bg3 Rhf8 18. a4 Ne5 19. b5 a5 20. Qd5 Nd3 21. Qc4+ Kb8 22. Re3 Ne5 23. Qd5 Ng4 24. Rd3 Qxd5 25. Rxd5 b6 26. Rad1 Kc7 27. R1d4 h5 28. Rxh5 Ne5 29. h3 Kb7 30. Bxe5 dxe5 31. Rxe5 Rxd4 32. cxd4 Bf6 33. Re4 Kc7 34. d5 Kd6 35. e7 Re8 36. Re6+ Kc7 37. Rc6+ Kd7 38. d6 Bd4 39. Kf1 Bc5 40. g3 Bxd6 41. Rxb6 Rxe7 42. Ra6 Bb4 43. Kg2 Kc7 44. h4 Kb7 45. Rg6 Rf7 46. h5 Bf8 47. g4 Kc7 48. Kg3 Bd6+ 49. Kg2 Bf8 50. f3 Kd7 51. Ra6 Bb4 52. g5 Rf5 53. Rg6 Bf8 54. Kg3 Ke7 55. Kg4 Rc5 56. f4 Kf7 57. Ra6 Rc4 58. Rxa5 Bd6 59. Ra7+ Kf8 60. g6 Rxf4+ 61. Kg5 Rf1 62. Rd7 Be7+ 63. Kg4 Rg1+ 64. Kf3 Rh1 65. Kg2 Rxh5 66. b6 Rg5+ 67. Kf3 Rxg6 68. a5 Rg5 69. a6 Rf5+ 70. Ke4 Ra5 71. a7 Ra4+ 72. Kd5 Ra5+ 73. Kc6 Rc5+ 74. Kb7 Ra5 75. a8=Q+ Rxa8 76. Kxa8 Kf7 77. b7 Ke6 78. Rxe7+ Kxe7 79. b8=Q Kf6 80. Qd6+ Kg5 81. Qg3+ Kh6 82. Kb7 g6 83. Kc6 Kg7 84. Kd5 Kf6 85. Ke4 g5 86. Qg4 Kg6 87. Ke5 Kh6 88. Kf6 Kh7 89. Qxg5 Kh8 90. Qg7# 1-0


[Site "https://www.chess.com"]

[Event "Titled Tuesday Blitz August 16 Late 2022"]
[White "Proudian, Armen"]
[Black "Leiva, Gianmarco"]
[WhiteFideId "2130734"]
[BlackFideId "3804399"]
[WhiteElo "2380"]
[BlackElo "2323"]
[Result "0-1"]
[Round "05"]
[TimeControl "180+1"]
[Date "2022.08.18"]
[WhiteClock "0:00:00"]
[BlackClock "0:00:00"]

1. e4 c5 2. Nf3 d6 3. d4 cxd4 4. Nxd4 Nf6 5. Nc3 a6 6. Be3 e5 7. Nb3 Be7 8. Qd2 Ng4 9. g3 Nxe3 10. Qxe3 O-O 11. O-O-O Be6 12. f4 Nd7 13. Kb1 f6 14. f5 Bf7 15. g4 Rc8 16. h4 h6 17. Nd5 Rc6 18. Be2 Nb6 19. Nxe7+ Qxe7 20. Rdg1 Rfc8 21. g5 Rxc2 22. gxh6 Na4 23. Rxg7+ Kh8 24. Qg3 Rxb2+ 25. Ka1 Qf8 26. Rg1 Rxe2 27. Qg4 Rcc2 28. h7 Rxa2+ 29. Kb1 Nc3+ 30. Kc1 Rac2# 0-1


[Site "https://www.chess.com"]

[Event "Titled Tuesday Blitz August 16 Late 2022"]
[White "Przybylski, Wojciech"]
[Black "Romanchuk, Viktor"]
[WhiteFideId "1117599"]
[BlackFideId "14109271"]
[WhiteElo "2133"]
[BlackElo "2242"]
[Result "1-0"]
[Round "05"]
[TimeControl "180+1"]
[Date "2022.08.18"]
[WhiteClock "0:00:00"]
[BlackClock "0:00:00"]

1. e4 e6 2. d4 d5 3. Nc3 dxe4 4. Nxe4 Nd7 5. Nf3 Ngf6 6. Bd3 c5 7. O-O Nxe4 8. Bxe4 Nf6 9. Bd3 cxd4 10. Nxd4 Bc5 11. Nb3 Bd6 12. h3 Qc7 13. Nd4 a6 14. Bg5 Bd7 15. c3 h6 16. Bd2 O-O 17. Qe2 Rfe8 18. Bc2 Rad8 19. a4 Bc8 20. a5 Bc5 21. Nf3 e5 22. Be3 Bxe3 23. Qxe3 e4 24. Nd4 Nd5 25. Qg3 Nf4 26. Bd1 Qe5 27. Kh1 Nd3 28. Qxe5 Rxe5 29. b3 f5 30. Kg1 g5 31. Bc2 Nf4 32. Rfe1 Kf7 33. Rad1 Kf6 34. b4 Nd5 35. Ne2 Rd7 36. Ba4 Rc7 37. Rc1 f4 38. Red1 e3 39. Bb3 exf2+ 40. Kxf2 Ne3 41. Rd2 Rd7 42. Rxd7 Bxd7 43. Nd4 Nf5 44. Re1 Rxe1 45. Kxe1 Nxd4 46. cxd4 Be6 47. Bc2 Bd5 48. Kf2 h5 49. g3 fxg3+ 50. Kxg3 h4+ 51. Kf2 Ke7 52. Bf5 Kd6 53. Bd3 Be6 54. Kg2 Kd5 55. b5 axb5 56. Bxb5 Bc8 57. Kf3 Kxd4 58. Bf1 Kc5 59. Ke4 1-0


[Site "https://www.chess.com"]

[Event "Titled Tuesday Blitz August 16 Late 2022"]
[White "Putnam, Liam"]
[Black "Melkumyan, Hrant"]
[WhiteFideId "30938279"]
[BlackFideId "13302485"]
[WhiteElo "2035"]
[BlackElo "2604"]
[Result "1-0"]
[Round "05"]
[TimeControl "180+1"]
[Date "2022.08.18"]
[WhiteClock "0:00:00"]
[BlackClock "0:00:00"]

1. e4 e6 2. d4 d5 3. Nd2 c5 4. Ngf3 cxd4 5. Nxd4 Nf6 6. exd5 Qxd5 7. c3 Nbd7 8. Nb5 Qc6 9. Nc4 Nd5 10. Qh5 a6 11. Nd4 N7f6 12. Qe5 Qc7 13. Qxc7 Nxc7 14. Nb6 Rb8 15. Bf4 Kd8 16. O-O-O Bd7 17. Be5 Nfd5 18. Nxd7 Kxd7 19. c4 f6 20. Bg3 e5 21. Nb3 h5 22. h4 a5 23. cxd5 a4 24. Nd2 a3 25. b3 Nxd5 26. Ne4 Kc6 27. Bb5+ Kxb5 28. Rxd5+ Kc6 29. Rhd1 Bb4 30. Kb1 Rbc8 31. f4 exf4 32. Bxf4 Rhe8 33. Ng3 g6 34. R5d4 Bf8 35. Ne4 f5 36. Nd6 Bxd6 37. Rxd6+ Kb5 38. R1d5+ Rc5 39. Rxc5+ Kxc5 40. Rxg6 Re2 41. Bc1 Kb4 42. g3 Rg2 43. Rg5 b5 44. Rxh5 Rxg3 45. Rxf5 Rh3 46. h5 Rxh5 47. Rxh5 1-0


[Site "https://www.chess.com"]

[Event "Titled Tuesday Blitz August 16 Late 2022"]
[White "Quirke, Jeffrey"]
[Black "Kujawski, Adam"]
[WhiteFideId "2013029"]
[BlackFideId "1100920"]
[WhiteElo "2048"]
[BlackElo "1972"]
[Result "0-1"]
[Round "05"]
[TimeControl "180+1"]
[Date "2022.08.18"]
[WhiteClock "0:00:00"]
[BlackClock "0:00:00"]

1. d4 Nf6 2. c4 e6 3. Nc3 Bb4 4. e3 c5 5. Ne2 b6 6. a3 Ba5 7. g3 Bb7 8. d5 exd5 9. Bg2 b5 10. cxd5 d6 11. O-O a6 12. Nf4 O-O 13. Rb1 Bb6 14. b4 c4 15. Bb2 Nbd7 16. Nce2 Re8 17. Bd4 Ne5 18. h4 Rc8 19. Nc3 h6 20. h5 Qc7 21. a4 Bxd4 22. Qxd4 bxa4 23. Rfc1 a3 24. Ra1 Nd3 25. Nxd3 cxd3 26. Qxd3 Qb6 27. Rcb1 Nxh5 28. Rxa3 Nf6 29. b5 Qc5 30. bxa6 Qxa3 31. axb7 Rb8 32. Qd2 Qc5 33. Na4 Qc7 34. Qb4 Re7 35. e4 Rxb7 36. Qxb7 Qxb7 37. Rxb7 Rxb7 38. Nc3 Rb3 39. Ne2 Rb1+ 40. Kh2 Re1 41. Bf3 g6 42. Kg2 Nd7 43. Nf4 Ne5 44. Nh3 Ra1 45. Ng1 Ra2 0-1


[Site "https://www.chess.com"]

[Event "Titled Tuesday Blitz August 16 Late 2022"]
[White "Rasulov, Vugar"]
[Black "Andreikin, Dmitry"]
[WhiteFideId "13402390"]
[BlackFideId "4158814"]
[WhiteElo "2509"]
[BlackElo "2736"]
[Result "1/2-1/2"]
[Round "05"]
[TimeControl "180+1"]
[Date "2022.08.16"]
[WhiteClock "0:01:49"]
[BlackClock "0:01:11"]

1. d4 d5 2. c4 e6 3. Nf3 Nf6 4. Nc3 a6 5. e3 dxc4 6. a4 c5 7. Bxc4 Nc6 8. O-O Be7 9. Qe2 cxd4 10. Rd1 e5 11. exd4 exd4 12. Nxd4 Nxd4 13. Qe5 Qd6 14. Qxd6 Bxd6 15. Rxd4 Bc5 16. Rd1 O-O 17. h3 Re8 18. Bg5 Be6 19. Bxe6 Rxe6 20. Bxf6 Rxf6 21. Ne4 Rc6 22. Nxc5 Rxc5 23. Rac1 Rxc1 24. Rxc1 g5 25. Rc7 b5 26. a5 Rd8 27. Rc5 h6 28. Rc6 Kg7 1/2-1/2


[Site "https://www.chess.com"]

[Event "Titled Tuesday Blitz August 16 Late 2022"]
[White "Remolar Gallen, Jose"]
[Black "Floresvillar Gonzalez, Luis Migu"]
[WhiteFideId "2215187"]
[BlackFideId "5100542"]
[WhiteElo "2205"]
[BlackElo "2040"]
[Result "0-1"]
[Round "05"]
[TimeControl "180+1"]
[Date "2022.08.18"]
[WhiteClock "0:00:00"]
[BlackClock "0:00:00"]

1. e4 e6 2. d3 d5 3. Nd2 c5 4. Ngf3 Nc6 5. g3 Bd7 6. Bg2 Bd6 7. O-O h5 8. h4 Nf6 9. Re1 Ng4 10. exd5 Nd4 11. Nxd4 cxd4 12. dxe6 Bxe6 13. Bxb7 O-O 14. Qf3 Rb8 15. Bc6 Qc7 16. Ne4 Be5 17. Ng5 Bd7 18. Bxd7 Qxd7 19. Qe4 f5 20. Qg2 Rb5 21. f3 Ne3 22. Bxe3 dxe3 23. Rxe3 Bxb2 24. Rb1 Bd4 25. Re1 Re8 26. Qf2 Rxe3 27. Rxe3 Re5 0-1


[Site "https://www.chess.com"]

[Event "Titled Tuesday Blitz August 16 Late 2022"]
[White "Reprintsev, Alexander"]
[Black "Sourath Biswas"]
[WhiteFideId "14100541"]
[BlackFideId "35091484"]
[WhiteElo "2108"]
[BlackElo "1777"]
[Result "0-1"]
[Round "05"]
[TimeControl "180+1"]
[Date "2022.08.18"]
[WhiteClock "0:00:00"]
[BlackClock "0:00:00"]

1. e4 c6 2. Nc3 d5 3. Nf3 Bg4 4. h3 Bc8 5. d4 dxe4 6. Nxe4 Nf6 7. Qe2 Bf5 8. Nxf6+ gxf6 9. g4 Be6 10. Bd2 Qb6 11. b3 h5 12. g5 fxg5 13. Nxg5 Bd5 14. Rg1 Qxd4 15. c3 Qf6 16. O-O-O Bh6 17. f4 Nd7 18. Kb1 O-O-O 19. c4 Bg7 0-1


[Site "https://www.chess.com"]

[Event "Titled Tuesday Blitz August 16 Late 2022"]
[White "Ribeiro, Matheus Mendes Domingues"]
[Black "Vargas, Mauricio"]
[WhiteFideId "324226923"]
[BlackFideId "4404572"]
[WhiteElo "2047"]
[BlackElo "2004"]
[Result "1-0"]
[Round "05"]
[TimeControl "180+1"]
[Date "2022.08.18"]
[WhiteClock "0:00:00"]
[BlackClock "0:00:00"]

1. c4 e5 2. Nc3 Nc6 3. Nf3 f5 4. d4 e4 5. d5 Nb8 6. Nd4 d6 7. f3 Nf6 8. Bg5 Be7 9. Qc2 O-O 10. O-O-O h6 11. Bxf6 Bxf6 12. fxe4 Bg5+ 13. Kb1 fxe4 14. Nxe4 Bf5 15. g3 Nd7 16. Nxf5 Rxf5 17. Bh3 Re5 18. Be6+ Kh8 19. Nxg5 Qxg5 20. Bxd7 Qe7 21. Be6 c6 22. Rhf1 cxd5 23. cxd5 Qd8 24. Rf7 Qg5 25. Rdf1 g6 26. Rf8+ Rxf8 27. Rxf8+ Kg7 28. Rf7+ Kg8 29. Qc8+ Qd8 30. Qxd8# 1-0


[Site "https://www.chess.com"]

[Event "Titled Tuesday Blitz August 16 Late 2022"]
[White "Riehle, Marco"]
[Black "Koepke, Christian"]
[WhiteFideId "12904392"]
[BlackFideId "4655737"]
[WhiteElo "2462"]
[BlackElo "2188"]
[Result "1-0"]
[Round "05"]
[TimeControl "180+1"]
[Date "2022.08.16"]
[WhiteClock "0:00:55"]
[BlackClock "0:00:02"]

1. e4 c6 2. c4 d5 3. cxd5 cxd5 4. exd5 Nf6 5. Nc3 Nxd5 6. Nf3 e6 7. d4 Be7 8. Bd3 O-O 9. O-O Nf6 10. Ne5 Nc6 11. Nxc6 bxc6 12. Qf3 Qb6 13. Bg5 Ba6 14. Bxa6 Qxa6 15. Rac1 Rfc8 16. Rfd1 h6 17. Bh4 Qb7 18. b3 Nd5 19. Nxd5 cxd5 20. Bxe7 Qxe7 21. Qe2 Rc7 22. Rxc7 Qxc7 23. h3 Rc8 24. Rd2 Qc1+ 25. Kh2 Rc3 26. g3 Qb1 27. Rb2 Qa1 28. Rc2 Rxc2 29. Qxc2 Qxd4 30. h4 h5 31. Kg1 g6 32. a4 Qb4 33. Qc8+ Kg7 34. Qa6 Qc5 35. b4 Qxb4 36. Qxa7 d4 37. Qd7 e5 38. Kg2 e4 39. Qd5 d3 40. a5 d2 41. a6 e3 42. a7 e2 43. Qe5+ f6 44. Qc7+ Kh6 45. a8=Q Qe4+ 46. Qxe4 e1=Q 47. Qef4+ g5 48. Qxf6# 1-0


[Site "https://www.chess.com"]

[Event "Titled Tuesday Blitz August 16 Late 2022"]
[White "Romero Ruscalleda, Josep"]
[Black "Kopczynski, Michal"]
[WhiteFideId "2231859"]
[BlackFideId "1124200"]
[WhiteElo "2193"]
[BlackElo "2235"]
[Result "0-1"]
[Round "05"]
[TimeControl "180+1"]
[Date "2022.08.18"]
[WhiteClock "0:00:00"]
[BlackClock "0:00:00"]

1. e4 c5 2. c3 d6 3. d4 cxd4 4. cxd4 g6 5. Nf3 Bg7 6. Nc3 Nf6 7. Bd3 O-O 8. Be3 Nc6 9. Rc1 e5 10. d5 Ne7 11. O-O h6 12. Nd2 Ng4 13. Qe2 f5 14. f3 Nxe3 15. Qxe3 f4 16. Qf2 g5 17. Nb5 g4 18. fxg4 Bxg4 19. Nxa7 Ng6 20. a3 f3 21. gxf3 Bh3 22. Rfe1 Nf4 23. Bf1 Bxf1 24. Kxf1 Nd3 25. Qe3 Nxe1 26. Kxe1 Qh4+ 27. Kd1 Qxh2 28. Nb5 Rad8 29. Nc7 Rc8 30. Rc3 Bf6 31. Ne6 Rxc3 32. Qxc3 Rf7 33. Qc8+ Kh7 34. Qe8 Qh5 35. Nf8+ Kg7 36. Ne6+ Kg6 37. Qg8+ Bg7 38. Nd8 Qh1+ 39. Kc2 Rc7+ 40. Kd3 Re7 41. Ne6 Qg1 42. Qd8 Bf6 43. Qxd6 h5 44. Nf8+ Kf7 45. Nd7 Qg5 46. Nc5 h4 47. Ne6 Qg1 48. Nd8+ Kg6 49. f4 h3 50. f5+ Kg5 51. Ne6+ Kh4 52. Qd8 h2 53. Nf3+ Kg3 54. Nxg1 hxg1=Q 55. Qg8+ Kf2 56. Qxg1+ Kxg1 57. Kc4 Kf2 58. d6 Rd7 59. Kd5 Be7 60. Kxe5 Bxd6+ 61. Kf6 Ke3 62. e5 Bc7 0-1


[Site "https://www.chess.com"]

[Event "Titled Tuesday Blitz August 16 Late 2022"]
[White "Rose, Felix"]
[Black "Howell, David W L"]
[WhiteFideId "5105722"]
[BlackFideId "410608"]
[WhiteElo "2039"]
[BlackElo "2559"]
[Result "0-1"]
[Round "05"]
[TimeControl "180+1"]
[Date "2022.08.18"]
[WhiteClock "0:00:00"]
[BlackClock "0:00:00"]

1. e4 c5 2. Nf3 a6 3. Nc3 d6 4. d4 cxd4 5. Nxd4 Nf6 6. Be3 Ng4 7. Bc1 Nf6 8. Be3 Ng4 9. Bc1 g6 10. f3 Nf6 11. Be3 Nbd7 12. Qd2 h5 13. Bc4 Bg7 14. O-O-O Qc7 15. Bb3 b5 16. h4 Bb7 17. Bg5 Rc8 18. Rhe1 Ne5 19. Kb1 Nc4 20. Bxc4 Qxc4 21. Nb3 O-O 22. Nd5 Bxd5 23. Bxf6 Bxf6 24. exd5 Qxh4 25. g4 hxg4 26. Rh1 Qg5 27. f4 Qf5 28. Qh2 Rfe8 29. Nd4 Qxd5 30. f5 g5 31. Qh7+ Kf8 32. Ne6+ fxe6 0-1


[Site "https://www.chess.com"]

[Event "Titled Tuesday Blitz August 16 Late 2022"]
[White "Rosenberg, Evan S"]
[Black "Diem, Thomas"]
[WhiteFideId "2019299"]
[BlackFideId "30937841"]
[WhiteElo "1999"]
[BlackElo "1998"]
[Result "0-1"]
[Round "05"]
[TimeControl "180+1"]
[Date "2022.08.18"]
[WhiteClock "0:00:00"]
[BlackClock "0:00:00"]

1. e4 c5 2. Nc3 e6 3. Nge2 Nc6 4. g3 Nf6 5. Bg2 d5 6. exd5 exd5 7. d4 Be6 8. O-O Bd6 9. dxc5 Bxc5 10. Bg5 O-O 11. Nf4 d4 12. Ne4 Be7 13. Bxf6 Bxf6 14. Nc5 Qe7 15. Ncxe6 fxe6 16. Re1 e5 17. Qh5 g6 18. Bd5+ Kg7 19. Qh3 Nd8 20. Rad1 Qd6 21. Ne6+ Nxe6 22. Bxe6 Rfe8 23. Bc4 e4 24. Bf1 Qc5 25. c3 d3 26. Bg2 e3 27. fxe3 Rxe3 28. Rxe3 Qxe3+ 29. Kh1 Rd8 30. g4 Qe2 31. Qf3 Qxf3 32. Bxf3 d2 33. Kg2 Bg5 34. Kg3 b6 35. h4 Be3 36. c4 h6 37. Bd5 g5 38. hxg5 hxg5 39. Kf3 Bf4 40. b3 Kf6 41. Ke4 Re8+ 42. Kd3 Re1 43. Kc2 Ke5 44. Bf3 Kd4 45. a4 Ke3 46. Bd5 a5 47. Be6 Kf2 48. Bf5 Ke2 49. Bd3+ Kf3 50. Bf5 Kg3 51. Bd7 Kf3 52. Bf5 Kg2 53. Bd7 Kf2 54. Bf5 Kf3 55. Bd7 Ke2 56. Rxd2+ Bxd2 57. c5 bxc5 58. Bb5+ Ke3 59. Bc4 Bb4 60. Kb2 Re2+ 61. Bxe2 Kxe2 62. Kc2 Ke3 63. Kd1 Kd3 64. Kc1 Kc3 65. Kb1 Kxb3 66. Ka1 c4 67. Kb1 c3 68. Ka1 Ba3 69. Kb1 c2+ 70. Ka1 c1=Q# 0-1


[Site "https://www.chess.com"]

[Event "Titled Tuesday Blitz August 16 Late 2022"]
[White "Rustemov, Alexander"]
[Black "Claverie, Christophe"]
[WhiteFideId "4119002"]
[BlackFideId "605514"]
[WhiteElo "2525"]
[BlackElo "2300"]
[Result "0-1"]
[Round "05"]
[TimeControl "180+1"]
[Date "2022.08.18"]
[WhiteClock "0:00:00"]
[BlackClock "0:00:00"]

1. d4 Nf6 2. c4 g6 3. Nf3 Bg7 4. g3 O-O 5. Bg2 d6 6. Nc3 c6 7. O-O Qa5 8. e4 Bg4 9. h3 Bxf3 10. Bxf3 e5 11. d5 cxd5 12. cxd5 Nbd7 13. Be3 Rfc8 14. Qe2 a6 15. Rfc1 h5 16. a3 Qd8 17. Rc2 Nc5 18. b4 Nb3 19. Rd1 Nd7 20. Na4 b5 21. Nb2 Nd4 22. Bxd4 exd4 23. Rdc1 Rc3 24. Nd3 Rac8 25. Bg2 h4 26. gxh4 Qxh4 27. f4 Qg3 28. Rxc3 Rxc3 29. Rd1 Rxa3 30. Qf3 Qxf3 31. Bxf3 Rc3 32. Kf2 Rc2+ 33. Kg3 Rc3 34. Kf2 Bf6 35. Ke2 g5 36. Bg4 Nb6 37. e5 Be7 38. exd6 Bxd6 39. fxg5 Nxd5 40. h4 Bg3 41. h5 Kg7 42. Rh1 Nf4+ 43. Nxf4 Bxf4 44. h6+ Kh8 45. Bf5 Re3+ 46. Kf2 Bxg5 47. h7 Bf6 48. Rh6 Be7 49. Rxa6 Bd8 50. Ra8 Re8 51. Kf3 Rf8 52. Ke4 Kg7 53. Kxd4 Bf6+ 54. Kc5 Rxa8 55. Kxb5 Rb8+ 56. Kc5 Be7+ 57. Kd5 Rxb4 58. Ke5 Bf6+ 59. Kd5 Rb5+ 60. Ke4 Re5+ 61. Kf4 Re8 62. Kg4 Be5 63. Kg5 Bc3 64. Kg4 Re5 65. Kg5 Rxf5+ 66. Kxf5 Kxh7 67. Kg5 Kg7 68. Kf5 f6 69. Kg4 Be5 70. Kf5 Kf7 71. Kg4 Kg6 72. Kf3 f5 73. Kg2 Kg5 74. Kf3 f4 75. Kg2 Kg4 76. Kf2 f3 77. Kg1 Kg3 78. Kh1 Bd6 79. Kg1 Be7 80. Kh1 Kf4 81. Kg1 Ke3 82. Kf1 Bb4 83. Kg1 Ke2 84. Kh2 f2 85. Kg3 f1=Q 86. Kh4 Qg1 87. Kh5 Be7 88. Kh6 Bf6 89. Kh5 Qg5# 0-1


[Site "https://www.chess.com"]

[Event "Titled Tuesday Blitz August 16 Late 2022"]
[White "Salem, A.R. Saleh"]
[Black "Bartholomew, John"]
[WhiteFideId "9301348"]
[BlackFideId "2019353"]
[WhiteElo "2674"]
[BlackElo "2686"]
[Result "0-1"]
[Round "05"]
[TimeControl "180+1"]
[Date "2022.08.16"]
[WhiteClock "0:00:02"]
[BlackClock "0:00:17"]

1. d4 d5 2. c4 c6 3. Nc3 Nf6 4. Nf3 dxc4 5. e4 b5 6. e5 Nd5 7. Be2 Bf5 8. Nh4 Be6 9. Ne4 h6 10. Nc5 Nc7 11. O-O Bd5 12. Bh5 Nd7 13. Ng6 Rg8 14. e6 Nxc5 15. exf7+ Bxf7 16. dxc5 Qxd1 17. Rxd1 Nd5 18. a4 b4 19. Rd4 Nf6 20. Bf3 Bd5 21. Bd2 a5 22. Re1 e6 23. Bxd5 cxd5 24. Nxf8 Rxf8 25. Rxe6+ Kf7 26. Rb6 Rfc8 27. Rb5 Ke6 28. f3 Nd7 29. c6 Nf6 30. Rb6 Kd6 31. Rb5 Rxc6 32. Rxa5 Rxa5 33. Bxb4+ Ke5 34. Bc3 Raa6 35. Rg4+ Ke6 36. Rxg7 Rd6 37. Rg6 d4 38. Bb4 Rd7 39. Rxh6 d3 40. Bd2 Rxa4 41. g4 Kf7 42. Kf2 Re7 43. Bc3 Re2+ 44. Kg3 Nd5 45. Rh7+ Ke8 46. Rh8+ Kd7 47. Rh7+ Kc6 48. Bd4 d2 49. Rh6+ Kd7 50. Rh7+ Re7 0-1


[Site "https://www.chess.com"]

[Event "Titled Tuesday Blitz August 16 Late 2022"]
[White "Sanchez, Robert"]
[Black "Zeynalov, Farid"]
[WhiteFideId "2034360"]
[BlackFideId "13402250"]
[WhiteElo "1966"]
[BlackElo "2278"]
[Result "0-1"]
[Round "05"]
[TimeControl "180+1"]
[Date "2022.08.18"]
[WhiteClock "0:00:00"]
[BlackClock "0:00:00"]

1. e4 e5 2. Nf3 Nf6 3. Nxe5 d6 4. Nf3 Nxe4 5. Nc3 Nf6 6. d4 Be7 7. Bd3 O-O 8. h3 d5 9. O-O c6 10. Ne2 Nbd7 11. c3 Re8 12. Bf4 Nf8 13. Qc2 Ng6 14. Bh2 Bd6 15. Bxd6 Qxd6 16. Rfe1 Ne4 17. Ng3 f5 18. h4 Bd7 19. h5 Nf4 20. Ne5 Rf8 21. h6 g6 22. Bxe4 fxe4 23. Qb3 Nd3 24. Rxe4 Nxf2 25. Re2 Ng4 26. Qxb7 Nxe5 27. dxe5 Qc5+ 28. Kh2 Rad8 29. e6 Rf4 30. Kh3 Qe7 31. Kh2 Qc5 32. Kh3 Rh4+ 33. Kxh4 Qe7+ 34. Kh3 Bxe6+ 35. Rxe6 Qxb7 36. Rae1 Qf7 37. Re7 Qf4 38. Rg7+ Kh8 39. Ree7 Qxh6+ 40. Kg4 Qxg7 41. Rxg7 Kxg7 0-1


[Site "https://www.chess.com"]

[Event "Titled Tuesday Blitz August 16 Late 2022"]
[White "Sarkar, Justin"]
[Black "Tarnowska, Aleksandra"]
[WhiteFideId "2010011"]
[BlackFideId "1180967"]
[WhiteElo "2076"]
[BlackElo "1700"]
[Result "1-0"]
[Round "05"]
[TimeControl "180+1"]
[Date "2022.08.18"]
[WhiteClock "0:00:00"]
[BlackClock "0:00:00"]

1. e4 c5 2. Nf3 e6 3. d4 cxd4 4. Nxd4 a6 5. c4 Nf6 6. f3 Nxe4 7. fxe4 Qh4+ 8. Ke2 Qxe4+ 9. Be3 Be7 10. Nc3 Qg4+ 11. Kf2 Qh4+ 12. g3 Qf6+ 13. Qf3 O-O 14. Qxf6 Bxf6 15. Rd1 Nc6 16. Bg2 Ne5 17. b3 Ng4+ 18. Ke2 Nxe3 19. Kxe3 d6 20. Ne4 Be5 21. Nf3 Bf6 22. Nxf6+ gxf6 23. Rxd6 e5 24. Rxf6 Kg7 25. Rd6 Bf5 26. Nxe5 Rae8 27. Kf4 Bg6 28. Re1 Re7 29. Nf3 Rd7 30. Rxd7 1-0


[Site "https://www.chess.com"]

[Event "Titled Tuesday Blitz August 16 Late 2022"]
[White "Senthil Maran K"]
[Black "Roman, Rodrigo"]
[WhiteFideId "25035681"]
[BlackFideId "3701220"]
[WhiteElo "2124"]
[BlackElo "2001"]
[Result "0-1"]
[Round "05"]
[TimeControl "180+1"]
[Date "2022.08.16"]
[WhiteClock "0:00:04"]
[BlackClock "0:00:06"]

1. g3 d5 2. Nf3 g6 3. Bg2 Bg7 4. d4 Nf6 5. c4 Kd7 6. cxd5 Nxd5 7. e4 Nb6 8. O-O Ke8 9. Be3 Nc6 10. Nc3 Bg4 11. e5 Nd5 12. Nxd5 Qxd5 13. h3 Bxf3 14. Bxf3 Qd7 15. Qb3 Nd8 16. Bg4 e6 17. Rfd1 c6 18. h4 h5 19. Bf3 Kf8 20. Qc4 Kg8 21. b4 Kh7 22. a4 a6 23. Rab1 Re8 24. b5 axb5 25. axb5 cxb5 26. Rxb5 Rc8 27. Qb3 Rc7 28. Rb1 Nc6 29. Rxb7 Nxd4 30. Bxd4 Rxb7 31. Qxb7 Qxd4 32. Qxf7 Rf8 33. Qb7 Qxe5 34. Kg2 Qf6 35. Rb4 Rf7 36. Qe4 Qf5 37. Rc4 Rd7 38. Rc2 Rd4 39. Qe2 e5 40. Kh2 e4 41. Bg2 Qe5 42. Rc4 Rxc4 43. Qxc4 e3 44. f4 Qe7 45. Bf3 Kh6 46. Be2 Qb7 47. Kg1 Qb1+ 48. Kg2 Qe1 49. Qd3 Qf2+ 50. Kh3 Bf6 51. Bd1 Qg1 52. Bf3 Qf2 53. Be4 e2 54. Qd6 e1=Q 55. Qf8+ Bg7 56. Qe8 Qef1+ 57. Bg2 Q1xg2# 0-1


[Site "https://www.chess.com"]